 Dungeon Crawl Stone Soup version 0.20.1-1-g8b1a95d (webtiles) character file.

742 DeXoteric the Archer (level 7, 0/60 HPs)
             Began as a Centaur Hunter on Sept 24, 2017.
             Slain by a sky beast (6 damage)
             ... on level 5 of the Dungeon.
             The game lasted 00:14:26 (4178 turns).

DeXoteric the Archer (Centaur Hunter)               Turns: 4178, Time: 00:14:26

Health: 0/60       AC:  7    Str: 15    XL:     7   Next: 47%
Magic:  7/7        EV:  7    Int: 10    God:
Gold:   157        SH:  0    Dex: 11    Spells: 6/6 levels left

rFire    . . .     SeeInvis .   a - +1 shortbow
rCold    . . .     Gourm    .   (shield currently unavailable)
rNeg     . . .     Faith    .   n - +0 scale mail
rPois    .         Spirit   .   x - +0 helmet
rElec    .         Reflect  .   (no cloak)
rCorr    .         Harm     +   (no gloves)
MR       .....                  (no barding)
Stlth    ..........             m - amulet of harm
Regen    0.2/turn               (no ring)
MPRegen  0.1/turn               (no ring)

@: very quick
A: hooves 3, deformed body, speed 2, tough skin 3
a: no special abilities


You were on level 5 of the Dungeon.
You were not hungry.

You visited 1 branch of the dungeon, and saw 5 of its levels.

You collected 157 gold pieces.

Inventory:

Hand Weapons
 a - a +1 shortbow (weapon)
 b - a +2 whip of electrocution
   (You took it off a kobold on level 2 of the Dungeon)
Missiles
 d - 27 arrows (quivered)
 l - 2 throwing nets {!f}
Armour
 n - a +0 scale mail (worn)
   (You found it on level 2 of the Dungeon)
 x - a +0 helmet (worn)
   (You found it on level 3 of the Dungeon)
Jewellery
 m - an amulet of harm (around neck)
   (You found it on level 2 of the Dungeon)
Wands
 f - a wand of lightning (12/15)
   (You found it on level 3 of the Dungeon)
 v - a wand of digging (18/24)
   (You took it off Ijyb on level 4 of the Dungeon)
Scrolls
 i - 4 scrolls of blinking
 o - 3 scrolls of identify {@r1}
 s - a scroll of random uselessness {unknown}
 t - a scroll of remove curse {@r2}
 y - a scroll of enchant weapon {unknown}
 z - a scroll of teleportation {unknown}
 A - a scroll of fog {unknown}
 B - a scroll of magic mapping {unknown}
 D - a scroll of noise {unknown}
Potions
 e - a potion of might {unknown}
 j - a potion of invisibility {unknown}
 k - 3 potions of curing {unknown}
 p - a potion of brilliance {unknown}
 u - 4 potions of haste {@q3}
 C - a potion of degeneration {unknown}
Comestibles
 g - 6 fruits
 h - 3 meat rations
 q - 2 bread rations
 w - 2 chunks of flesh


   Skills:
 + Level 4.8 Fighting
 * Level 10.5 Bows
 - Level 1.3 Dodging
 - Level 0.4 Stealth


You had 6 spell levels left.
You didn't know any spells.

Dungeon Overview and Level Annotations

Branches:
Dungeon (5/15)
 Temple: D:4-7

Altars:
Trog

Shops:
D:5 !}


Innate Abilities, Weirdness & Mutations

You have hooves in place of feet.
Armour fits poorly on your strangely shaped body.
You cover ground very quickly.
You have extremely tough skin. (AC +3)


Message History

The sky beast hits you. The sky beast shocks you.
The sky beast flickers out of sight!
Deactivating autopickup; reactivate with Ctrl-A.
Aim: an orc, wielding a short sword and wearing a glowing ring mail You shoot an arrow.
The arrow hits the scorpion but does no damage.
Aim: a scorpion (moderately wounded)
You shoot an arrow. The arrow hits the orc.
Something hits you. Something shocks you.
* * * LOW HITPOINT WARNING * * *
A sky beast appears from thin air!
Reactivating autopickup.
You are too injured to fight recklessly!
The orc wizard gestures wildly while chanting.
The orc wizard blinks!
Aim: an orc, wielding a short sword and wearing a glowing ring mail (translocational energy, almost dead)
You shoot an arrow. The arrow misses the sky beast.
The arrow hits the orc but does no damage.
The sky beast flickers out of sight!
Deactivating autopickup; reactivate with Ctrl-A.
Something hits you.
* * * LOW HITPOINT WARNING * * *
Something shocks you.
* * * LOW HITPOINT WARNING * * *
The orc wizard hits you but does no damage.
The orc wizard points at you and mumbles some strange words.
The magic dart hits you!
* * * LOW HITPOINT WARNING * * *
The orc wizard hits you with a dagger.
* * * LOW HITPOINT WARNING * * *
The orc wizard casts a spell.
The orc wizard blinks!
The orc wizard gestures at you while chanting.
The magic dart hits you!
* * * LOW HITPOINT WARNING * * *
Aim: an orc wizard, wielding a dagger and wearing a robe (heavily wounded, fast)
You shoot an arrow. The arrow hits the orc wizard.
Aim: an orc wizard, wielding a dagger and wearing a robe (heavily wounded, fast)
You shoot an arrow.
The arrow closely misses the orc wizard.
Aim: an orc wizard, wielding a dagger and wearing a robe (heavily wounded, fast)
You shoot an arrow. The arrow barely misses the orc wizard.
Aim: an orc wizard, wielding a dagger and wearing a robe (heavily wounded, fast)
You shoot an arrow. The arrow hits the orc wizard.
The orc wizard hits you but does no damage.
Something hits you.
* * * LOW HITPOINT WARNING * * *
Something shocks you.
You die...

##.## ########## #....
.........# ########### #....
########.#
#...(.....#######....
#.....####.........##.....#...
+........o..........'......>..
#....#.###s........##.....#...
######..##...o.....##...######
##.##...@.....##...#
#.o#.........######
##ยง#..)......# #.)..)........
##(###........ #(o##........ .
####.##........
..#######....##.......#
(o.o....#....##.......


You could see a scorpion, an orc wizard and an orc.

Vanquished Creatures
  An ogre (D:4)
  A centaur (D:5)
  A bullfrog (D:3)
  Blork the orc (D:4)
  An orc priest (D:3)
  A jelly (D:4)
  Jessica (D:3)
  Ijyb (D:4)
  2 orc wizards (D:3)
  A worker ant (D:4)
  The ghost of letownia the Insei, a weakling OpTm (D:4)
  The ghost of letownia the Insei, a weakling OpTm (D:3)
  5 gnolls
  A howler monkey skeleton (D:4)
  7 adders
  A shadow imp (D:5)
  An ooze (D:2)
  An adder zombie (D:4)
  2 worms
  3 leopard geckos
  13 orcs
  7 bats
  4 giant cockroaches
  5 hobgoblins
  5 jackals
  9 kobolds
  2 quokkas
  A ball python (D:1)
  A frilled lizard (D:1)
  11 goblins
  A leopard gecko skeleton (D:5)
  5 rats
98 creatures vanquished.

Notes
Turn   | Place    | Note
-------+----------+-------------------------------------------
     0 | D:1      | DeXoteric the Centaur Hunter began the quest for the Orb.
     0 | D:1      | Reached XP level 1. HP: 17/17 MP: 1/1
   456 | D:1      | Reached XP level 2. HP: 19/25 MP: 2/2
   558 | D:1      | Reached skill level 6 in Bows
   862 | D:2      | Reached XP level 3. HP: 30/30 MP: 3/3
  1267 | D:2      | Reached XP level 4. HP: 31/37 MP: 4/4
  1437 | D:2      | Reached skill level 7 in Bows
  1684 | D:3      | Noticed letownia's ghost (weakling OpTm)
  1703 | D:3      | Killed letownia's ghost
  1730 | D:3      | Noticed a bullfrog
  1755 | D:3      | Killed a bullfrog
  1755 | D:3      | Reached XP level 5. HP: 16/45 MP: 5/5
  2062 | D:3      | Noticed Jessica
  2066 | D:3      | Reached skill level 8 in Bows
  2135 | D:3      | Killed Jessica
  2135 | D:3      | Reached XP level 6. HP: 28/52 MP: 6/6
  2380 | D:3      | Noticed a sky beast
  2716 | D:3      | Reached skill level 9 in Bows
  2964 | D:4      | Found a bloodstained altar of Trog.
  3227 | D:4      | Noticed letownia's ghost (weakling OpTm)
  3232 | D:4      | Killed letownia's ghost
  3232 | D:4      | Reached XP level 7. HP: 60/60 MP: 7/7
  3257 | D:4      | Noticed Ijyb
  3274 | D:4      | Killed Ijyb
  3760 | D:4      | Noticed Blork the orc
  3769 | D:4      | Killed Blork the orc
  3769 | D:4      | Reached skill level 10 in Bows
  3826 | D:5      | Entered Level 5 of the Dungeon
  3941 | D:5      | Found Yxinit's Gadget Shop.
  4126 | D:5      | Found Vehotefefi's Distillery.
  4178 | D:5      | Slain by a sky beast

Skill      XL: |  1  2  3  4  5  6  7 |
---------------+----------------------+-----
Bows           | 6 7 8 9 10 | 10.5
Fighting       | 3 4 |  4.8
Dodging        | |  1.3
Stealth        | |  0.4

Action                   |  1- 3 |  4- 6 |  7- 9 || total
-------------------------+-------+-------+-------++-------
Melee: Short sword       |    54 |    22 |       ||    76
       Kick              |    10 |    17 |     5 ||    32
       Whip              |       |    69 |    24 ||    93
 Fire: Shortbow          |    49 |    50 |    59 ||   158
  Use: Scroll            |       |       |     3 ||     3
  Eat: Chunk             |       |     5 |     2 ||     7
Armor: Leather armour    |    19 |       |       ||    19
       Scale mail        |    18 |    44 |    23 ||    85
Dodge: Dodged            |    33 |    35 |     6 ||    74
